 Dungeon Crawl Stone Soup version 0.29.1-15-g9cfb28693d (webtiles) character file.

Game seed: 16661972961486409229

81 KittyFluff the Trooper (level 4, 0/43 HPs)
             Began as a Gargoyle Berserker on Apr 22, 2023.
             Was a Believer of Trog.
             Slain by a goblin
             ... wielding a +4 dagger
             ... led by Robin
              (3 damage)
             ... on level 2 of the Dungeon on Apr 23, 2023.
             The game lasted 00:07:34 (2140 turns).

KittyFluff the Trooper (Gargoyle Berserker)         Turns: 2140, Time: 00:07:36

Health: 0/43       AC:  6    Str: 20    XL:     4   Next: 42%
Magic:  4/4        EV: 11    Int:  8    God:    Trog [**....]
Gold:   82         SH:  0    Dex: 11    Spells: 3/3 levels left

rFire   . . .      SeeInvis .   a - +0 mace
rCold   . . .      Faith    .   (no shield)
rNeg    + . .      Spirit   .   f - +0 leather armour
rPois   ∞          Reflect  .   (no helmet)
rElec   +          Harm     .   (no cloak)
rCorr   .          Rampage  .   (no gloves)
Will    .....                   (no boots)
Stlth   ..........              b - amulet of the acrobat
HPRegen 0.14/turn               (no ring)
MPRegen 0.09/turn               (no ring)

@: berserking, very quick
A: sickness immunity, AC +3, negative energy resistance 1, electricity
resistance, torment resistance 1, petrification resistance
a: Renounce Religion, Berserk, Trog's Hand


You were on level 2 of the Dungeon.
You worshipped Trog.
Trog was pleased with you.
You visited 1 branch of the dungeon, and saw 2 of its levels.

You collected 82 gold pieces.

Inventory:

Hand Weapons
 a - a +0 mace (weapon)
 k - a +0 sling
Missiles
 c - 17 stones (quivered)
 i - 4 boomerangs
Armour
 f - a +0 leather armour (worn)
Jewellery
 b - an amulet of the acrobat (around neck)
Scrolls
 d - a scroll of teleportation
 e - a scroll of summoning {unknown}
 g - a scroll of enchant armour {unknown}
 j - a scroll of amnesia {unknown}
 m - a scroll of vulnerability {unknown}
Potions
 h - a potion of curing {unknown}
 l - a potion of lignification {unknown}


   Skills:
 + Level 4.1 Fighting
 + Level 3.8 Maces & Flails
 * Level 2.8 Armour
 + Level 2.0 Dodging
 + Level 0.4 Stealth


You had 3 spell levels left.
You didn't know any spells.
Your spell library was empty.

Dungeon Overview and Level Annotations

Branches:
Dungeon (2/15)

Altars:


Innate Abilities, Weirdness & Mutations

You are immune to sickness and miasma.
Your stone body is resilient. (AC +3)
You are immune to poison.
You resist negative energy. (rN+)
You are resistant to electric shocks. (rElec)
You are resistant to unholy torment.
You are immune to petrification.


Message History

The hobgoblin hits you but does no damage.
The goblin hits you but does no damage. The goblin completely misses you.
You hit Robin.
Robin is almost dead.
Robin hits you with a +1 spear of venom.
The hobgoblin closely misses you. The goblin barely misses you.
The goblin hits you with a +0 dagger.
* * * LOW HITPOINT WARNING * * *
A red film seems to cover your vision as you go berserk!
You feel yourself moving faster!
You feel mighty! The hobgoblin misses you.
The goblin hits you but does no damage. The goblin closely misses you.
You hit Robin.
You kill Robin!
Trog accepts your kill. The goblin closely misses you. The hobgoblin hits you.
* * * LOW HITPOINT WARNING * * *
The goblin closely misses you.
You barely miss the goblin.
The goblin is moderately wounded.
The goblin closely misses you. The goblin hits you but does no damage.
You sock the goblin!
You kill the goblin!
Trog accepts your kill. The goblin hits you but does no damage.
The kobold misses you. The hobgoblin closely misses you.
You closely miss the goblin. The goblin misses you. The kobold misses you.
The hobgoblin hits you.
* * * LOW HITPOINT WARNING * * *
You closely miss the goblin. You sock the goblin!
You kill the goblin!
Trog accepts your kill. The kobold completely misses you.
The hobgoblin closely misses you.
You sock the hobgoblin!
You feel the power of Trog in you as your rage grows.
You kill the hobgoblin!
Trog accepts your kill.
The goblin no longer looks unusually strong.
The goblin hits you with a +4 dagger.
You die...

........# ..#.# #..##.#.#
...## #..#..#.## #...#
##..#..#..# #....
###.........####..##
#########.....#............#
##....>.#..#..##.###..#####.#
##.........##gK##.# ##..#
##.. #..........##@!##.#
#..###..# #..........#)..##.#
#...##... #............#....#
##..#.... #...........#######
#.<#...# #...........#
##...... ##........###
#...... #..........# ##.#.###
#..........# #......#
#..........# #.......


You could see a goblin and a kobold.

Vanquished Creatures
  Robin (D:2)
  2 adders (D:2)
  A gnoll (D:1)
  3 bats (D:1)
  4 endoplasms (D:1)
  A giant cockroach (D:1)
  12 goblins
  3 hobgoblins
  5 kobolds (D:1)
  A quokka (D:1)
  5 ball pythons
  A frilled lizard (D:2)
  A rat (D:1)
40 creatures vanquished.

Vanquished Creatures (others)
  3 plants (D:1)
  3 withered plants (D:1)
6 creatures vanquished.

Grand Total: 46 creatures vanquished

Notes
Turn   | Place    | Note
-------+----------+-------------------------------------------
     0 | D:1      | KittyFluff the Gargoyle Berserker began the quest for the
                  | Orb.
     0 | D:1      | Reached XP level 1. HP: 14/14 MP: 1/1
   219 | D:1      | Reached XP level 2. HP: 10/19 MP: 2/2
   722 | D:1      | Found a faded altar of an unknown god.
   881 | D:1      | Reached XP level 3. HP: 7/24 MP: 3/3
   911 | D:1      | Reached skill level 4 in Fighting
  1463 | D:2      | Noticed Robin
  1941 | D:2      | Reached ** piety under Trog
  1962 | D:2      | Reached XP level 4. HP: 16/29 MP: 4/4
  2134 | D:2      | Killed Robin
  2137 | D:2      | HP: 2/43 [hobgoblin[Robin] (3)]
  2140 | D:2      | Slain by a goblin

Illustrated notes

Levels and vault maps discovered:
D:1:      tarquinn_simple_flora_water_f, layout_rooms,
          shapermc_ecumenical_altar_flowoftime
D:2:      layout_rooms, uniq_robin

Skill      XL: |  1  2  3 |
---------------+----------+-----
Fighting       | 4 |  4.1
Dodging        | 2 |  2.0
Maces & Flails | |  3.8
Armour         | |  2.8
Stealth        | |  0.4

Action                   |  1- 3 |  4- 6 || total
-------------------------+-------+-------++-------
Melee: Mace              |   145 |    24 ||   169
Invok: Berserk           |     1 |     1 ||     2
  Use: Scroll            |     1 |       ||     1
Armor: Animal skin       |     9 |       ||     9
       Leather armour    |    56 |    15 ||    71
Dodge: Dodged            |   108 |    26 ||   134
